 Dungeon Crawl Stone Soup version 0.13-a0-2450-ga447c6a (webtiles) character file.

2028 Rycklaryybbe the Slicer (level 8, -1/57 HPs)
             Began as a Vampire Assassin on July 17, 2013.
             Was a Follower of Kikubaaqudgha.
             Slain by a gnoll
             ... wielding a +0,+0 flail
              (3 damage)
             ... on Level 6 of the Dungeon.
             The game lasted 00:39:04 (6797 turns).

Rycklaryybbe the Slicer (Vampire Assassin)          Turns: 6797, Time: 00:39:04

HP  -1/57        AC  5     Str 12      XL: 8   Next: 60%
MP   8/8         EV  2     Int 15      God: Kikubaaqudgha [*.....]
Gold 452         SH  0     Dex 15      Spells:  1 memorised,  6 levels left

Res.Fire  : . . .   See Invis. : +   b - +0 blowgun
Res.Cold  : . . .   Warding    : .   j - +1 robe
Life Prot.: + + +   Conserve   : +   D - +1 buckler
Res.Poison: +       Res.Corr.  : .   (no helmet)
Res.Elec. : .       Clarity    : .   x - +0 cloak
Sust.Abil.: . .     Spirit.Shd : .   (no gloves)
Res.Mut.  : .       Stasis     : .   d - +0 pair of boots
Res.Rott. : +       Flight     : .   q - amulet of conservation
Saprovore : . . .                    B - +2 ring of strength
                                     m - +6,+4 ring of slaying

@: petrified, regenerating quickly, somewhat resistant to hostile enchantments,
quite stealthy
A: bottle blood, fangs 3, see invisible, unbreathing
a: Bottle Blood, Receive Corpses, Renounce Religion


You were on level 6 of the Dungeon.
You worshipped Kikubaaqudgha.
Kikubaaqudgha was pleased with you.
You were full.

You visited 2 branches of the dungeon, and saw 7 of its levels.
You also visited: Sewer.

You collected 402 gold pieces.

Inventory:

Hand weapons
 a - a +2,+2 dagger {=f}
 b - a +0 blowgun (weapon)
 i - a +0,+0 elven long sword
 l - a +2,+3 spear of piercing
 n - a -2 blowgun
 o - a +0,+2 short sword of speed
 v - a +1,+0 orcish dagger of venom
Missiles
 e - 19 poisoned needles (quivered)
 f - 2 curare-tipped needles
 h - 5 needles of sleeping
 w - 2 darts of frost
Armour
 c - a +0 robe
 d - a +0 pair of boots (worn)
 j - a +1 robe (worn)
 x - a +0 cloak (worn)
 D - a +1 buckler (worn)
Magical devices
 k - a wand of magic darts (11)
 E - a wand of disintegration (6)
 H - a wand of digging (13)
Scrolls
 r - a scroll of remove curse
 t - 3 scrolls of identify
 u - a scroll of curse jewellery {unknown}
 A - a scroll of fear
 C - a scroll of teleportation
 L - 2 scrolls of enchant armour
Jewellery
 m - a +6,+4 ring of slaying (left hand)
 q - an amulet of conservation (around neck)
 B - a +2 ring of strength (right hand)
 G - an uncursed ring of teleportation
Potions
 g - 2 potions of restore abilities {unknown}
 z - a potion of flight
 F - a potion of speed {unknown}
 I - a potion of invisibility {unknown}
 M - a potion of degeneration {unknown}
 N - a potion of berserk rage {unknown}
Books
 s - a book of Flames

   Spells                             Type                      Level
   Flame Tongue                       Conjuration/Fire             1
   Throw Flame                        Conjuration/Fire             2
   Conjure Flame                      Conjuration/Fire             3
   Inner Flame                        Hexes/Fire                   3
   Sticky Flame                       Conjuration/Fire             4
   Fireball                           Conjuration/Fire             5
 y - a book of Callings

   Spells                             Type                      Level
   Summon Small Mammal                Summoning                    1
   Call Imp                           Summoning                    2
   Call Canine Familiar               Summoning                    3
   Summon Scorpions                   Summoning/Poison             4
   Summon Ice Beast                   Ice/Summoning                4
 J - Kikubaaqudgha's Guide on Sinister Arts
   (Kikubaaqudgha gifted it to you on level 6 of the Dungeon)

   Spells                             Type                      Level
   *Pain                              Necromancy                   1
   Lethal Infusion                    Charms/Necromancy            2
   Sublimation of Blood               Necromancy                   2
   Regeneration                       Charms/Necromancy            3
   Control Undead                     Necromancy                   4


   Skills:
 + Level 3.9 Fighting
 - Level 10.2 Short Blades
 - Level 1.5 Throwing
 + Level 4.3 Dodging
 - Level 6.2 Stealth


You had 6 spell levels left.
You knew the following spells:

 Your Spells              Type           Power        Failure   Level  Hunger
a - Pain                  Necr           #...         34%         1    ##.....


Dungeon Overview and Level Annotations

Branches:
Dungeon (6/27)             Temple (1/1) D:5             Orc (0/4) D:6

Altars:
Ashenzari
Cheibriados
Elyvilon
Fedhas
Kikubaaqudgha
Makhleb
Nemelex Xobeh
Okawaru
Sif Muna
Trog
Vehumet
Xom
Yredelemnul
Zin
the Shining One

Shops:
D:6: [(

Annotations
D:6 exclusion: phantom


Innate Abilities, Weirdness & Mutations

Your natural rate of healing is unusually fast.
You can bottle blood from corpses.
You have razor-sharp teeth.*
You have supernaturally acute eyesight.
You can survive without breathing.*


Message History

The gnoll hits you from afar with a spear!
The gnoll hits you with a flail. The gnoll shaman hits you with a whip.
The gnoll looks more healthy.
The gnoll hits you from afar with a spear!
* * * LOW HITPOINT WARNING * * *
The gnoll barely misses you.
The gnoll shaman mumbles some strange prayers to its god.
The gnoll shaman is healed somewhat.
The gnoll is no longer moving quickly.
The gnoll completely misses you.
The gnoll hits you from afar with a spear!
* * * LOW HITPOINT WARNING * * *
The gnoll shaman hits you with a whip.
* * * LOW HITPOINT WARNING * * *
The gnoll hits you with a flail!
* * * LOW HITPOINT WARNING * * *
The gnoll hits you from afar with a spear.
* * * LOW HITPOINT WARNING * * *
The gnoll hits you with a flail!
You die...
Kikubaaqudgha rasps: "You have failed me!
Welcome... oblivion!"

########## #########
#........# #........#
#........# #........#
#........###........#
#......gg@.#........###
#......gg#.#...........
#......g.#.#........#
#....<...#..........#
#######(####...(....#
#..# #####.##.######
###.## #..#.......
#...# ######'####....
##g### #.....).# #....


You could see a gnoll shaman and 4 gnolls.

Vanquished Creatures
  2 orc warriors (D:6)
  A sky beast (D:6)
  Purgy (Sewer)
  3 ogres
  A phantom (D:6)
  A giant frog (D:6)
  2 crimson imps
  A goliath beetle (D:6)
  A hound (D:5)
  A giant frog skeleton (D:3)
  3 orc priests (D:3)
  A scorpion (D:6)
  2 orc wizards
  An iguana (D:4)
  7 worker ants
  A gnoll (D:1)
  2 giant mites
  10 adders
  An inept feature mimic (D:6)
  2 worms
  4 grey rats (D:5)
  6 giant geckos
  2 oozes
  9 orcs
  3 giant cockroaches
  8 goblins
  7 hobgoblins
  7 jackals
  4 quokkas
  A ball python (D:5)
  12 bats
  3 giant newts
  A goblin skeleton (D:4)
  12 kobolds
  A kobold zombie (D:5)
  An orc zombie (D:5)
  12 rats
137 creatures vanquished.

Vanquished Creatures (others)
  An orc (D:3)
  A quokka (D:5)
2 creatures vanquished.

Grand Total: 139 creatures vanquished

Notes
Turn   | Place    | Note
--------------------------------------------------------------
     0 | D:1      | Rycklaryybbe, the Vampire Assassin, began the quest for the Orb.
     0 | D:1      | Reached XP level 1. HP: 15/15 MP: 1/1
   355 | D:1      | Reached skill level 6 in Stealth
   604 | D:1      | Reached XP level 2. HP: 18/21 MP: 2/2
  1034 | D:2      | Reached XP level 3. HP: 21/26 MP: 3/3
  1431 | D:2      | Reached XP level 4. HP: 32/32 MP: 4/4
  1758 | D:2      | Reached skill level 5 in Short Blades
  2089 | D:3      | Reached XP level 5. HP: 27/38 MP: 5/5
  2556 | D:3      | Reached XP level 6. HP: 28/44 MP: 6/6
  2767 | D:3      | Found a glowing golden altar of the Shining One.
  2767 | D:3      | Found a snail-covered altar of Cheibriados.
  2768 | D:3      | Found a radiant altar of Vehumet.
  3106 | D:4      | Reached skill level 7 in Short Blades
  3501 | D:4      | Reached skill level 8 in Short Blades
  3577 | D:4      | Reached XP level 7. HP: 49/49 MP: 7/7
  3941 | D:5      | Entered Level 5 of the Dungeon
  4445 | D:5      | Reached skill level 9 in Short Blades
  4535 | D:5      | Found a staircase to the Ecumenical Temple.
  4544 | Temple   | Entered the Ecumenical Temple
  4710 | Temple   | Became a worshipper of Kikubaaqudgha
  4882 | D:5      | Found a glowing drain.
  4900 | Sewer    | Entered a sewer
  5075 | Sewer    | Noticed Purgy
  5092 | Sewer    | Killed Purgy
  5402 | D:6      | Found a shattered altar of Ashenzari.
  5441 | D:6      | Found a staircase to the Ecumenical Temple.
  5447 | D:6      | the staircase to the Ecumenical Temple was a mimic.
  5482 | D:6      | Reached skill level 10 in Short Blades
  5568 | D:6      | Reached XP level 8. HP: 55/55 MP: 8/8
  5596 | D:6      | Found a glowing silver altar of Zin.
  5667 | D:6      | Acquired Kikubaaqudgha's first power
  5667 | D:6      | Received a gift from Kikubaaqudgha
  5668 | D:6      | Identified Kikubaaqudgha's Guide on Sinister Arts (Kikubaaqudgha gifted it to you on level 6 of the Dungeon)
  5688 | D:6      | Learned a level 1 spell: Pain
  5748 | D:6      | Found an iron altar of Okawaru.
  6355 | D:6      | Found a staircase to the Orcish Mines.
  6355 | D:6      | Found Bubyemp's Weapon Emporium.
  6365 | D:6      | Found Wauzxymm's Armour Emporium.
  6797 | D:6      | HP: 2/57 [gnoll/spear (2)]
  6797 | D:6      | Slain by a gnoll

Action                   |  1- 3 |  4- 6 |  7- 9 || total
-------------------------+-------+-------+-------++-------
Melee: Dagger            |    11 |    22 |    23 ||    56
       Spear             |    68 |    89 |    72 ||   229
       Short sword       |       |    11 |   139 ||   150
 Fire: Blowgun           |     1 |    26 |    18 ||    45
Throw: Dagger            |       |     1 |     1 ||     2
       Spear             |       |       |     1 ||     1
       Dart              |       |       |     1 ||     1
Evoke: Wand              |       |       |     3 ||     3
  Use: Scroll            |     8 |     7 |     3 ||    18
       Potion            |     4 |     3 |     6 ||    13
 Stab: Sleeping          |     8 |     6 |     9 ||    23
       Distracted        |       |     1 |     1 ||     2
